AoeStats
← Shiverpops

Scandinavia

510451323Analyzed
1v1 RM · 15h ago on Oct 1, 2026· 41m 39s· 2 players
Game mode
Random Map
Map size
Tiny (2 player)
Population
200
Speed
Normal
Resources
Standard
Victory
Conquest
Starting age
Dark Age
Ending age
Imperial Age
RankedLock teamsTeams togetherTeam positionsShared explorationLock speedFull tech treeHidden civsTurbo modeCheats
Victory
Defeat
🇦🇺 Mongols · Australia
979
+16
🇧🇷 Bulgarians · Brazil
972
-16
pulpCheers_
11:06 Feudal Age
9:38 Loom
17:39 Castle Age
16:57 Wheelbarrow
16:10 Double-Bit Axe
17:07 Stone Mining
19:01 Loom
28:32 Imperial Age
28:51 Gold Mining
33:17 Stirrups
33:44 Conscription
33:55 Bloodlines
35:09 Gold Shaft Mining
34:46 Husbandry
34:55 Scale Barding Armor
35:01 Forging
35:09 Cavalier
37:12 Hand Cart
39:36 Iron Casting
41:31 Horse Collar
Shiverpops
10:49 Feudal Age
15:20 Castle Age
13:39 Gold Mining
14:32 Loom
18:06 Double-Bit Axe
18:13 Horse Collar
24:52 Heavy Plow
27:34 Gold Shaft Mining
27:18 Fletching
28:17 Bow Saw
30:00 Wheelbarrow
31:32 Ballistics
33:03 Hand Cart
38:18 Imperial Age
36:00 Thumb Ring
38:09 Bodkin Arrow
38:14 Padded Archer Armor
38:30 Cavalier
39:25 Bloodlines
39:16 Husbandry
38:47 Cavalier
39:53 Bracer
40:52 Scale Barding Armor
42:20 Chemistry
Connection lost

Rejoining the realm…

Still unreachable

The connection could not be restored.

Session expired

The server has moved on; the page needs a fresh start.